 Dungeon Crawl Stone Soup version 0.23-a0-396-g5214e5f (webtiles) character file.

369 JeffiDaFish the Ruffian (level 6, 0/61 HPs)
             Began as a Troll Warper on Nov 2, 2018.
             Slain by a leopard gecko (3 damage)
             ... on level 4 of the Dungeon.
             The game lasted 00:05:23 (2343 turns).

JeffiDaFish the Ruffian (Troll Warper)              Turns: 2343, Time: 00:05:26

Health: 0/61       AC:  8    Str: 17    XL:     6   Next: 41%
Magic:  7/7        EV: 10    Int: 10    God:
Gold:   131        SH:  0    Dex:  9    Spells: 3/8 levels left

rFire    . . .     SeeInvis .     - Unarmed
rCold    . . .     Gourm    +   (no shield)
rNeg     . . .     Faith    .   a - +1 robe
rPois    .         Spirit   .   (helmet restricted)
rElec    .         Reflect  .   h - +1 cloak
rCorr    .         Harm     .   (gloves unavailable)
MR       .....     Clarity  +   (boots unavailable)
Stlth    +.........             (no amulet)
HPRegen  0.60/turn              (no ring)
MPRegen  0.10/turn              (no ring)

@: no status effects
A: large, unfitting armour, claws 3, talons 1, clarity, fast metabolism 3,
gourmand, regeneration 1, shaggy fur 1, tough skin 2, weak 2
a: no special abilities


You were on level 4 of the Dungeon.
You were completely stuffed.

You visited 1 branch of the dungeon, and saw 4 of its levels.

You collected 131 gold pieces.

Inventory:

Missiles
 d - 5 tomahawks of dispersal (quivered)
Armour
 a - a +1 robe (worn)
 h - a +1 cloak (worn)
 j - a scarf of spirit shield
Scrolls
 c - 2 scrolls of blinking
 e - 2 scrolls of enchant weapon
 k - 4 scrolls of identify
Potions
 b - a potion of cancellation
 i - a potion of ambrosia
Comestibles
 f - 9 rations
 g - 5 chunks of flesh


   Skills:
 * Level 3.5 Fighting
 - Level 0.8 Throwing
 + Level 2.8 Dodging
 * Level 4.2 Unarmed Combat
 - Level 1.5 Spellcasting
 + Level 2.7 Translocations


You had 3 spell levels left.
You knew the following spells:

 Your Spells              Type           Power        Failure   Level  Hunger
a - Blink                 Tloc           N/A          16%         2    ###....
b - Gell's Gravitas       Tloc           #.........   32%         3    ####...

Your spell library contained the following spells:

 Spells                   Type           Power        Failure   Level  Hunger
 Shroud of Golubria       Chrm/Tloc      #.........   28%         2    ###....
 Lesser Beckoning         Tloc           #.........   32%         3    ####...
 Teleport Other           Tloc           #.......     32%         3    ####...
 Passage of Golubria      Tloc           N/A          71%         4    #####..


Dungeon Overview and Level Annotations

Branches:
Dungeon (4/15)
 Temple: D:4-7

Altars:

Shops:
D:4 *


Innate Abilities, Weirdness & Mutations

You are too large for most types of armour.
You have claws for hands.
Your metabolism is lightning-fast.
You like to eat raw meat.
Your natural rate of healing is unusually fast.
You are covered in fur. (AC +1)
You have very tough skin. (AC +2)
You have sharp toenails.
You possess an exceptional clarity of mind.
You are very weak. (Str -4)


Message History

Something hits you.
* * * LOW HITPOINT WARNING * * *
The orc priest closely misses you. The orc hits you with a +0 club.
* * * LOW HITPOINT WARNING * * *
The leopard gecko bites you.
* * * LOW HITPOINT WARNING * * *
The giant cockroach misses you.
You barely miss the orc priest. Your kick misses the orc priest.
The orc hits you but does no damage. Something hits you but does no damage.
The orc hits you but does no damage. x2; The orc priest closely misses you.
The leopard gecko barely misses you.
The giant cockroach bites you but does no damage.
Unknown command.
You completely miss the orc priest. You claw the orc priest.
The orc priest is lightly wounded.
The orc hits you but does no damage. Something hits you but does no damage.
The orc hits you with a +0 trident.
* * * LOW HITPOINT WARNING * * *
The leopard gecko bites you.
You die...

#####...... ##########
#.....<. ###........#
#....... ...........#
########...
...........#
#......#.##
...........# #......#.#
...........# #......#.#
.....!o{o..###......#.#
.....os@(.((.(........#
.##...olo..###......###
.....####### ########
.... ... .. .


You could see an orc priest, 4 orcs, a leopard gecko and a giant cockroach.

Vanquished Creatures
  A water moccasin (D:4)
  A hound (D:4)
  An orc wizard (D:4)
  2 orc priests (D:4)
  A gnoll (D:1)
  5 adders
  An ooze (D:2)
  4 worms
  2 dart slugs
  3 leopard geckos
  4 orcs (D:4)
  4 bats
  2 giant cockroaches
  7 hobgoblins
  7 jackals
  A ball python (D:4)
  3 frilled lizards
  10 goblins
  6 kobolds
  A leopard gecko skeleton (D:4)
  5 rats
71 creatures vanquished.

Vanquished Creatures (others)
  4 toadstools (D:1)
4 creatures vanquished.

Grand Total: 75 creatures vanquished

Notes
Turn   | Place    | Note
-------+----------+-------------------------------------------
     0 | D:1      | JeffiDaFish the Troll Warper began the quest for the Orb.
     0 | D:1      | Reached XP level 1. HP: 19/19 MP: 1/1
   286 | D:1      | Reached XP level 2. HP: 28/28 MP: 2/2
   674 | D:1      | Reached XP level 3. HP: 34/35 MP: 4/4
  1020 | D:2      | Learned a level 2 spell: Blink
  1462 | D:2      | Reached XP level 4. HP: 44/44 MP: 5/5
  1740 | D:3      | Reached skill level 3 in Unarmed Combat
  1970 | D:3      | Learned a level 3 spell: Gell's Gravitas
  2193 | D:4      | Found Fidi's Serpentskin Sales.
  2193 | D:4      | Noticed a water moccasin
  2197 | D:4      | Killed a water moccasin
  2197 | D:4      | Reached XP level 5. HP: 44/53 MP: 6/6
  2209 | D:4      | Reached XP level 6. HP: 54/61 MP: 7/7
  2312 | D:4      | Gained mutation: You have sharp toenails. [potion of
                  | mutation]
  2312 | D:4      | Gained mutation: You are weak. (Str -2) [potion of
                  | mutation]
  2312 | D:4      | Gained mutation: You are very weak. (Str -4) [potion of
                  | mutation]
  2312 | D:4      | Gained mutation: You possess an exceptional clarity of
                  | mind. [potion of mutation]
  2326 | D:4      | Reached skill level 4 in Unarmed Combat
  2343 | D:4      | HP: 3/61 [orc/+0 trident (3)]
  2343 | D:4      | Slain by a leopard gecko

Vault maps used:
D:1:      ldierk_walled_garden_2, minmay_misc_feat_plants
D:2:      chequers_avenue, serial_bayou_lake_a
D:4:      nicolae_ru_sacrificial_ziggurat, nrook_mini_vaults,
          chequers_serial_rivers_micro_c, guppyfry_shop_venom

Skill      XL: |  1  2  3  4  5  6 |
---------------+-------------------+-----
Dodging        | 2 |  2.8
Fighting       | 2 3 |  3.5
Unarmed Combat | 3 4 |  4.2
Throwing       | |  0.8
Spellcasting   | |  1.5
Translocations | |  2.7

Action                   |  1- 3 |  4- 6 || total
-------------------------+-------+-------++-------
Melee: Unarmed           |   105 |   113 ||   218
       Punch             |     1 |     1 ||     2
       Kick              |       |     4 ||     4
  Use: Potion            |     6 |     1 ||     7
       Scroll            |     3 |     4 ||     7
 Stab: Sleeping          |     1 |       ||     1
  Eat: Chunk             |    19 |     8 ||    27
Armor: Robe              |    45 |    62 ||   107
Dodge: Dodged            |    43 |    67 ||   110

Table legend:
 A = Non-vault XP
 B = Vault XP
 C = Vault XP percentage of total XP
 D = Non-vault monster count
 E = Vault monster count
 F = Vault count percentage of total count
                 A         B        C        D         E       F
            +---------+---------+-------+---------+---------+-------
      Total |     382 |     146 |  27.7 |      69 |       2 |   2.8
            +---------+---------+-------+---------+---------+-------
        D:1 |      45 |       0 |   0.0 |      19 |       0 |   0.0
        D:2 |      66 |       0 |   0.0 |      23 |       0 |   0.0
        D:3 |      71 |       0 |   0.0 |      16 |       0 |   0.0
        D:4 |     200 |     146 |  42.2 |      11 |       2 |  15.4
            +---------+---------+-------+---------+---------+-------
